 Seeded DCSS version 0.30.1-9-gdf580d7c3d (webtiles) character file.

Game seed: 13361873679740155289 (custom seed)

3305 Psyclone the Destroyer (level 9, 0/45 HPs)
             Began as a Deep Elf Conjurer on Oct 1, 2023.
             Was an Initiate of Gozag.
             Succumbed to a killer bee's poison
             ... on level 8 of the Dungeon.
             The game lasted 00:18:02 (8393 turns).

Psyclone the Destroyer (Deep Elf Conjurer)          Turns: 8393, Time: 00:18:03

Health: 0/45       AC:  9    Str:  4    XL:     9   Next: 70%
Magic:  10/25      EV: 13    Int: 28    God:    Gozag
Gold:   1029       SH:  0    Dex: 13    Spells: 14/28 levels left

rFire   + . .        a - +6 dagger
rCold   + . .        (no shield)
rNeg    . . .        H - +0 robe
rPois   .            u - +2 helmet
rElec   .            c - scarf {rC+ rF+}
rCorr   .            y - +1 pair of gloves
SInv    +            D - +1 pair of boots
Will    +....        (no amulet)
Stlth   ++           d - ring of see invisible
HPRegen 0.27/turn    p - ring of willpower
MPRegen 0.19/turn

%: no passive effects
@: lethally poisoned (0 -> -2)
A: no striking features
a: Renounce Religion, Potion Petition, Call Merchant, Bribe Branch


You were on level 8 of the Dungeon.
You worshipped Gozag.
Gozag was most pleased with you.
You visited 2 branches of the dungeon, and saw 9 of its levels.
You also visited: Ossuary.

You collected 1075 gold pieces.
You paid 46 gold pieces to Gozag.

Inventory:

Hand Weapons
 a - a +6 dagger (weapon)
Armour
 c - a scarf of resistance (worn)
 t - a +0 cloak
 u - a +2 helmet (worn)
 y - a +1 pair of gloves (worn)
 D - a +1 pair of boots (worn)
 H - a +0 robe (worn)
Jewellery
 d - a ring of see invisible (left hand)
 g - a ring of fire
 p - a ring of willpower (right hand)
Wands
 f - a wand of iceblast (6)
 h - a wand of flame (19)
 C - a wand of polymorph (8)
Scrolls
 j - 2 scrolls of fog
 k - 5 scrolls of fear
 l - 4 scrolls of blinking
 o - 4 scrolls of vulnerability
 r - a scroll of magic mapping
 x - 2 scrolls of immolation
Potions
 b - 2 potions of magic
 e - 4 potions of curing
 i - a potion of berserk rage {unknown}
 m - a potion of lignification
 n - 2 potions of brilliance {unknown}
 q - a potion of attraction {unknown}
 s - 5 potions of flight {unknown}
 v - 3 potions of might {unknown}
 z - a potion of haste
 A - 2 potions of heal wounds {unknown}
 B - 2 potions of ambrosia {unknown}
 F - a potion of resistance


   Skills:
 + Level 3.9 Dodging
 - Level 2.4 Stealth
 - Level 10.0 Spellcasting
 - Level 12.1 Conjurations
 - Level 6.0 Hexes


You had 14 spell levels left.
You knew the following spells:

 Your Spells              Type           Power      Damage    Failure   Level
a - Magic Dart            Conj           100%       1d8       1%          1
b - Searing Ray           Conj           100%       2d8       1%          2
c - Dazzling Flash        Conj/Hex       100%       N/A       1%          3
d - Fulminant Prism       Conj/Hex       30%        3d16      1%          4
e - Iskenderun's Mystic   Conj/Tloc      48%        2d11      3%          4

Your spell library contained the following spells:

 Spells                   Type           Power      Damage    Failure   Level
 Beastly Appendage        Tmut           28%        N/A       4%          1
 Necrotise                Necr           56%        1d6       4%          1
 Cigotuvi's Dreadful Rot  Necr/Pois/Air  28%        N/A       6%          2
 Wereblood                Tmut           14%        N/A       6%          2
 Spider Form              Tmut/Pois      14%        N/A       12%         3
 Dispel Undead            Necr           14%        3d10      36%         4
 Death Channel            Necr           7%         N/A       99%         6


Dungeon Overview and Level Annotations

Branches:
Dungeon (8/15) Zot: 26735  Temple (1/1) D:7 Zot: 5912 Ossuary (visited)
   Lair: D:8-11

Altars:
Ashenzari
Cheibriados
Dithmenos
Elyvilon
Fedhas
Gozag
Hepliaklqana
Kikubaaqudgha
Makhleb
Nemelex Xobeh
Okawaru
Qazlal
Ru
Sif Muna
Trog
Uskayaw
Vehumet
Wu Jian
Yredelemnul
Zin

Shops:
D:1 =

Annotations:
D:7 exclusion: downstairs
D:8 Joseph


Message History

Your fulminant prism crackles loudly.
You take 9 damage, and have 14/45 hp.
The killer bee attacks as you move away!
The killer bee barely misses you.
The killer bee stings you but does no damage.
Your fulminant prism explodes!
You hear a bellow! x3
Found 7 gold pieces.
The killer bee stings you.
* * * LOW HITPOINT WARNING * * *
You are poisoned.
The killer bee poisons you!
You take 4 damage, and have 11/45 hp.
The killer bee attacks as you move away!
The killer bee closely misses you.
You feel sick.
The killer bee stings you but does no damage.
You take 2 damage, and have 9/45 hp.
Casting: Fulminant Prism (dangerous; 1% risk of failure)
Confirm with . or Enter, or press ? or * to list all spells.
Aiming: Fulminant Prism (dangerous; 1% risk of failure)
Press: ? - help, Dir - move target You conjure a prism of explosive energy!
A fulminant prism comes into view.
You feel sick.
The killer bee stings your fulminant prism!
The killer bee closely misses you.
The killer bee stings your fulminant prism.
The killer bee closely misses you.
You take 1 damage, and have 8/45 hp.
You now have 10/25 mp.
You feel sick.
The killer bee stings your fulminant prism.
The killer bee stings your fulminant prism but does no damage.
The killer bee stings you.
* * * LOW HITPOINT WARNING * * *
Your fulminant prism crackles loudly.
You take 5 damage, and have 3/45 hp.
The killer bee attacks as you move away!
The killer bee stings you.
* * * LOW HITPOINT WARNING * * *
You die...
Your body crumbles into a pile of gold.

:...... .. ....... ..
............ #. . .............
.. .#. .............# $# ....
.............# .##.....##......
y............####.........#......
.^$$>.@........#@.<..............
#..$.$.....# #.......#.....#.....
....$.....######y....#.....#.....
.....)......#.#o*........#.......
...............y......#>.#.......
##....................#..#)......
##..###..............##.<........
### ##.....##....#.......##....
##..####...##.............


You could see 2 killer bees, an orc and a friendly fulminant prism.

Vanquished Creatures
  Prince Ribbit (D:6)
  Sigmund (D:3)
  A steam dragon (D:7)
  A water moccasin (D:5)
  An ice beast (D:8)
  4 black bears
  3 centaurs
  2 ogres
  2 phantoms
  2 bullfrogs (D:6)
  A gnoll sergeant (D:7)
  3 scorpions
  8 wights
  8 killer bees
  A human zombie (Ossuary)
  2 hounds
  A jelly (D:4)
  An orc wizard (D:7)
  6 iguanas
  2 hound zombies (Ossuary)
  4 mummies (Ossuary)
  7 adders
  4 gnolls (D:7)
  A shadow imp (D:7)
  3 ufetubi
  An adder zombie (Ossuary)
  2 worms
  A dart slug (D:5)
  6 orcs
  3 ball pythons
  17 endoplasms
  2 giant cockroaches
  A gnoll zombie (Ossuary)
  7 goblins
  5 hobgoblins
  2 jackals (D:1)
  3 quokkas
  3 bats
  4 frilled lizards
  2 goblin zombies (Ossuary)
  2 hobgoblin zombies (Ossuary)
  A jackal zombie (Ossuary)
  4 kobolds
  2 kobold zombies (Ossuary)
  7 rats
145 creatures vanquished.

Vanquished Creatures (others)
  18 fulminant prisms
18 creatures vanquished.

Grand Total: 163 creatures vanquished

Notes
Turn   | Place    | Note
-------+----------+-------------------------------------------
     0 | D:1      | Psyclone the Deep Elf Conjurer began the quest for the Orb.
     0 | D:1      | Reached XP level 1. HP: 10/10 MP: 6/6
    23 | D:1      | Found Mueck's Jewellery Emporium.
   233 | D:1      | Reached XP level 2. HP: 15/15 MP: 4/8
   300 | D:1      | Reached skill level 5 in Conjurations
   767 | D:1      | Learned a level 2 spell: Searing Ray
   888 | D:2      | Reached XP level 3. HP: 19/19 MP: 2/9
  1770 | D:3      | Noticed Sigmund
  1776 | D:3      | Killed Sigmund
  1777 | D:3      | Reached skill level 7 in Conjurations
  1777 | D:3      | Reached XP level 4. HP: 24/24 MP: 2/10
  1777 | D:3      | Reached XP level 5. HP: 28/28 MP: 2/11
  1945 | D:3      | Reached skill level 8 in Conjurations
  1945 | D:3      | Reached XP level 6. HP: 27/32 MP: 3/12
  1976 | D:3      | Identified the +7 plate armour of the Dwarven Hall {+Blink
                  | Dex+6}
  2384 | D:3      | Found a sparkling altar of Nemelex Xobeh.
  2384 | D:3      | Found an opulent altar of Gozag.
  2396 | D:3      | Became a worshipper of Gozag Ym Sagoz the Greedy
  2709 | D:3      | Found an ancient bone altar of Kikubaaqudgha.
  2709 | D:3      | Found a shimmering blue altar of Sif Muna.
  2714 | D:3      | Found a radiant altar of Vehumet.
  2717 | D:3      | Got Kikubaaqudgha's Discursus on Sinister Rituals
  3286 | D:4      | Identified the +0 pair of gloves "Cueroiz" {Rampage rCorr
                  | Stlth+}
  3403 | D:4      | Reached skill level 9 in Conjurations
  3500 | D:4      | Reached XP level 7. HP: 36/36 MP: 7/13
  3752 | D:5      | Entered Level 5 of the Dungeon
  3962 | D:5      | Reached skill level 10 in Conjurations
  4023 | D:5      | Found a shadowy altar of Dithmenos.
  4376 | D:5      | Found a burning altar of Makhleb.
  4583 | D:5      | Found an iron altar of Okawaru.
  4596 | D:5      | Reached skill level 11 in Conjurations
  4811 | D:5      | Reached XP level 8. HP: 7/41 MP: 7/14
  5034 | D:6      | Noticed Prince Ribbit
  5042 | D:6      | Killed Prince Ribbit
  5128 | D:6      | Reached skill level 12 in Conjurations
  5143 | D:6      | Found a sand-covered staircase.
  5155 | Ossuary  | Entered an ossuary
  5615 | D:6      | Reached skill level 5 in Spellcasting
  5627 | D:6      | Learned a level 4 spell: Fulminant Prism
  5631 | D:6      | Learned a level 3 spell: Dazzling Flash
  5971 | D:6      | Reached XP level 9. HP: 45/45 MP: 5/22
  6225 | D:6      | Found a hide-covered altar of Uskayaw.
  6225 | D:6      | Found a sacrificial altar of Ru.
  7198 | D:7      | Reached skill level 10 in Spellcasting
  7198 | D:7      | Reached skill level 1 in Hexes
  7219 | D:7      | Found a staircase to the Ecumenical Temple.
  7226 | Temple   | Entered the Ecumenical Temple
  7730 | D:7      | Learned a level 4 spell: Iskenderun's Mystic Blast
  8131 | D:8      | Noticed Joseph
  8135 | D:8      | Reached skill level 5 in Hexes
  8393 | D:8      | HP: 1/45 [killer bee (2)]
  8393 | D:8      | Succumbed to a killer bee's poison

Illustrated notes

Levels and vault maps discovered:
D:1:      minmay_arrival_doors, layout_basic, serial_shops,
          nicolae_diamond_shop, hangedman_decor_clover_reticule
D:2:      layout_basic, kennysheep_nub
D:3:      layout_basic, grunt_temple_overflow_opulence,
          grunt_temple_overflow_magic_moments, uniq_sigmund
D:4:      layout_cave_pools
D:5:      layout_rooms, lemuel_doored_altar, lemuel_crystal_altar,
          nicolae_dithmenos_shadow_blocks, nicolae_underground_beach
D:6:      lemuel_ice_spiral_2, layout_basic, mainiacjoe_overflow_divided_tiny,
          enter_ossuary_2, serial_co_window_serial, co_window_paths_b,
          co_window_paths_a, co_window_paths_a, co_window_cross_1,
          co_window_paths_b, co_window_corner_cb, co_window_of_opportunity_c,
          co_window_of_opportunity_b, co_window_cross_3, co_window_corner_cb,
          glass_columns_a, glass_columns_a, uniq_prince_ribbit1
D:7:      layout_loops_corners, minmay_temple_entry_overgrown
D:8:      layout_cave_pools, uniq_joseph
Temple:   nicolae_temple_ecumenical_triangle

Skill      XL: |  1  2  3  4  5  6  7  8  9 |
---------------+----------------------------+-----
Conjurations   | 5 7 8 9 11 12 | 12.1
Spellcasting   | 7 10 | 10.0
Hexes          | 6 |  6.0
Dodging        | 3 |  3.9
Stealth        | |  2.4

Action                     |  1- 3 |  4- 6 |  7- 9 || total
---------------------------+-------+-------+-------++-------
  Melee: Rapier            |       |       |    18 ||    18
         Punch             |       |       |     3 ||     3
         Dagger            |       |       |    13 ||    13
   Cast: Magic Dart        |    64 |    53 |    88 ||   205
         Searing Ray       |     4 |     7 |    36 ||    47
         Fulminant Prism   |       |       |    19 ||    19
    Use: Scroll            |       |       |    18 ||    18
   Stab: Sleeping          |       |       |     2 ||     2
 Armour: Robe              |       |     1 |    46 ||    47
  Dodge: Dodged            |     1 |     5 |    62 ||    68
